 Dungeon Crawl Stone Soup version 0.28.0-53-g5a82cb258f (webtiles) character file.

Game seed: 15085190028994846990

471 Tirrikindir the Skirmisher (level 7, 0/49 HPs)
             Began as an Octopode Fighter on Aug 9, 2022.
             Was a Believer of Okawaru.
             Killed from afar by an orc wizard (5 damage)
             ... with a magic dart
             ... on level 4 of the Dungeon.
             The game lasted 00:08:05 (2902 turns).

Tirrikindir the Skirmisher (Octopode Fighter)       Turns: 2902, Time: 00:08:06

Health: 0/49       AC:  1    Str: 15    XL:     7   Next: 9%
Magic:  7/7        EV: 29    Int: 10    God:    Okawaru [**....]
Gold:   58         SH:  5    Dex: 14    Spells: 6/6 levels left

rFire   . . .      SeeInvis .   a - +0 long sword
rCold   . . .      Faith    .   b - +0 buckler
rNeg    . . .      Spirit   .   (helmet restricted)
rPois   .          Reflect  .   o - amulet of the acrobat
rElec   .          Harm     .   (no ring)
rCorr   .          Rampage  .   (no ring)
Will    .....                   (no ring)
Stlth   +++.......              (no ring)
HPRegen 0.16/turn               (no ring)
MPRegen 0.10/turn               (no ring)
                                (no ring)
                                (no ring)

@: acrobatic, invisible
A: almost no armour, amphibious, 8 rings, camouflage 1, gelatinous body 1,
(nimble swimmer 1), tentacles
a: Renounce Religion, Heroism


You were on level 4 of the Dungeon.
You worshipped Okawaru.
Okawaru was pleased with you.
You visited 1 branch of the dungeon, and saw 4 of its levels.

You collected 121 gold pieces.
You spent 63 gold pieces at shops.

Inventory:

Hand Weapons
 a - a +0 long sword (weapon)
Missiles
 n - 11 poisoned darts (quivered)
Armour
 b - a +0 buckler (worn)
Jewellery
 o - an amulet of the acrobat (around mantle)
Wands
 f - a wand of digging (4)
 h - a wand of flame (9)
Scrolls
 d - a scroll of magic mapping
 j - a scroll of fear
 k - a scroll of teleportation
Potions
 c - a potion of might
 g - a potion of flight {unknown}
 l - 2 potions of magic {unknown}
 m - a potion of berserk rage {unknown}


   Skills:
 * Level 4.7 Fighting
 * Level 4.0 Long Blades
 + Level 0.5 Throwing
 + Level 3.9 Dodging
 + Level 3.3 Stealth
 + Level 3.7 Shields
 + Level 1.2 Invocations
 + Level 1.5 Evocations


You had 6 spell levels left.
You didn't know any spells.
Your spell library contained the following spells:

 Spells                   Type           Power      Damage    Failure   Level
 Beastly Appendage        Tmut           0%         N/A       45%         1
 Corpse Rot               Necr/Air       0%         N/A       58%         2
 Wereblood                Tmut           0%         N/A       58%         2
 Spider Form              Tmut/Pois      0%         N/A       83%         3
 Dispel Undead            Necr           0%         3d6       99%         4
 Death Channel            Necr           Unusable   N/A       N/A         6

Dungeon Overview and Level Annotations

Branches:
Dungeon (4/15)
 Temple: D:4-7

Altars:
Cheibriados
Okawaru

Shops:
D:4 *


Innate Abilities, Weirdness & Mutations

You cannot wear most types of armour.
You are amphibious.
You can wear up to eight rings at the same time.
Your skin changes colour to match your surroundings (Stealth+).
Your rubbery body absorbs attacks. (AC +1, EV +1)
((You are camouflaged when in or above water. (Stealth+)))
You have tentacles for arms and can constrict up to eight enemies at once.


Message History

You hit the orc. Your squeeze misses the orc.
The orc is heavily wounded.
You constrict the orc.
You kill the orc!
Okawaru accepts your kill. Something hits you.
* * * LOW HITPOINT WARNING * * *
Something hits you.
* * * LOW HITPOINT WARNING * * *
You feel better. Something barely misses you. Something barely misses you.
You hit something but do no damage. Something hits you. x2
* * * LOW HITPOINT WARNING * * *
You miss something. Your squeeze misses something.
You hear some strange, mumbled words.
A magic dart appears from out of thin air!
The magic dart hits you!
* * * LOW HITPOINT WARNING * * *
You feel better. Something hits you.
* * * LOW HITPOINT WARNING * * *
You hit something. Something hits you.
* * * LOW HITPOINT WARNING * * *
You feel better. Something hits you.
* * * LOW HITPOINT WARNING * * *
You feel better.
You hear some strange, mumbled words.
A magic dart appears from out of thin air!
The magic dart hits you!
* * * LOW HITPOINT WARNING * * *
You hit something. Something hits you.
* * * LOW HITPOINT WARNING * * *
You closely miss something. Something hits you.
* * * LOW HITPOINT WARNING * * *
Something hits you.
* * * LOW HITPOINT WARNING * * *
You fade into invisibility!
Something barely misses you.
A magic dart appears from out of thin air!
The magic dart hits you.
You die...

........# #.# ###...# ######.....
........# #.# ###.###......#...
........# #.# ####.(#.........##
........# #.####.........#######
...###### #......####...## ####
##..##### ##..## # ..########..##
##.))## #
.......†...##########.....# #
..########.##..>@...{.###.# # .##
#.#..######### #.# # .## #...##
#.## # ...### ##.### #..## #
##...####..# ##..### # ##.......#
###### ##...###
###.#.###.#####....# ###....
##.............#....##########..#
#..####.##.......................


There were no monsters in sight!

Vanquished Creatures
  Menkaure (D:4)
  A phantom (D:4)
  A bullfrog zombie (D:3)
  An orc priest (D:4)
  Crazy Yiuf (D:2)
  Natasha (thrice) (D:2)
  2 adders
  An adder skeleton (D:4)
  3 worms
  2 dart slugs (D:4)
  11 orcs (D:4)
  5 bats
  3 endoplasms
  3 giant cockroaches
  6 goblins
  8 hobgoblins
  4 jackals (D:2)
  3 quokkas
  9 ball pythons
  2 frilled lizards (D:1)
  2 kobolds
  A rat (D:3)
73 creatures vanquished.

Vanquished Creatures (others)
  3 fungi (D:2)
  8 plants (D:1)
11 creatures vanquished.

Grand Total: 84 creatures vanquished

Notes
Turn   | Place    | Note
-------+----------+-------------------------------------------
     0 | D:1      | Tirrikindir the Octopode Fighter began the quest for the
                  | Orb.
     0 | D:1      | Reached XP level 1. HP: 16/16 MP: 1/1
   183 | D:1      | Reached XP level 2. HP: 21/21 MP: 2/2
   769 | D:2      | Reached skill level 1 in Stealth
   773 | D:2      | Reached XP level 3. HP: 21/26 MP: 3/3
   851 | D:2      | Noticed Natasha
   862 | D:2      | Killed Natasha
   879 | D:2      | Reached XP level 4. HP: 21/32 MP: 4/4
  1018 | D:2      | Found a runed translucent door.
  1019 | D:2      | Noticed Crazy Yiuf
  1027 | D:2      | Killed Crazy Yiuf
  1296 | D:2      | Noticed Natasha
  1302 | D:2      | Killed Natasha
  1302 | D:2      | Noticed Natasha
  1303 | D:2      | Reached XP level 5. HP: 19/37 MP: 5/5
  1539 | D:2      | Killed Natasha
  1806 | D:3      | Found a faded altar of an unknown god.
  1813 | D:3      | Prayed at the altar of an unknown god.
  1813 | D:3      | Became a worshipper of Warmaster Okawaru
  1813 | D:3      | Reached * piety under Okawaru
  1969 | D:3      | Found a snail-covered altar of Cheibriados.
  2397 | D:4      | Noticed a phantom
  2418 | D:4      | Killed a phantom
  2419 | D:4      | Reached skill level 1 in Evocations
  2419 | D:4      | Reached XP level 6. HP: 31/44 MP: 6/6
  2589 | D:4      | Found Daumuf's Assorted Antiques.
  2595 | D:4      | Bought a viscous blue potion for 21 gold pieces
  2595 | D:4      | Bought a viscous blue potion for 21 gold pieces
  2595 | D:4      | Bought a bubbling blue potion for 21 gold pieces
  2838 | D:4      | Noticed Menkaure
  2844 | D:4      | Killed Menkaure
  2844 | D:4      | Reached ** piety under Okawaru
  2845 | D:4      | Reached skill level 1 in Invocations
  2845 | D:4      | Reached XP level 7. HP: 49/49 MP: 7/7
  2902 | D:4      | Killed from afar by an orc wizard

Illustrated notes

Levels and vault maps discovered:
D:1:      dpeg_arrival_leaves_temple_mockup, layout_loops_ring,
          serial_bayou_crossing
D:2:      layout_rooms, uniq_natasha, uniq_crazy_yiuf_cottage
D:3:      layout_rooms, mainiacjoe_overflow_tiny_flanked,
          shapermc_ecumenical_altar_notcrosses, corexii_item_surrounded_by_moat
D:4:      layout_rooms, serial_shops, nicolae_stop_n_shop_2, uniq_menkaure

Skill      XL: |  1  2  3  4  5  6 |
---------------+-------------------+-----
Stealth        | 1 2 3 |  3.3
Long Blades    | 3 4 |  4.0
Fighting       | 4 |  4.7
Evocations     | 1 |  1.5
Invocations    | 1 |  1.2
Throwing       | |  0.5
Dodging        | |  3.9
Shields        | |  3.7

Action                   |  1- 3 |  4- 6 |  7- 9 || total
-------------------------+-------+-------+-------++-------
Melee: Long sword        |    49 |    97 |    14 ||   160
       Constrict         |    18 |    27 |     3 ||    48
       Tentacles         |     6 |    18 |     3 ||    27
       Punch             |       |     1 |       ||     1
Throw: Dart              |       |       |     1 ||     1
Evoke: Wand              |       |    11 |       ||    11
  Use: Scroll            |       |     7 |       ||     7
       Potion            |       |     1 |     5 ||     6
 Stab: Sleeping          |     1 |    10 |       ||    11
       Distracted        |       |     1 |       ||     1
Armor: Skin              |     3 |    14 |       ||    17
Dodge: Dodged            |    29 |    62 |     7 ||    98
Block: Buckler           |     4 |    19 |     1 ||    24
